| TOP OF THE 1ST |
|
Connecticut Tigers batting - Pitching for Everett AquaSox : RHP Josh Newell
|
|
Pitching: RHP Josh Newell
|
|
|
Batting: RHB Omar del Pino
|
0-0: Ground out U3 (Groundball, 3, EV 85.6 MPH)
|
|
Batting: RHB Emil Wilbrink
|
0-0: Called Strike 0-1: Ball 1-1: Foul Ball, location: 2F 1-2: Strikes out swinging
|
|
Batting: RHB Tony Soto
|
0-0: Foul Ball, location: 2F 0-1: Swinging Strike 0-2: Ball 1-2: Strikes out looking
|
| Top of the 1st over - 0 runs, 0 hits, 0 errors, 0 left on base; Connecticut 0 - Everett 0 |
| BOTTOM OF THE 1ST |
|
Everett AquaSox batting - Pitching for Connecticut Tigers : LHP Jim Daum
|
|
Pitching: LHP Jim Daum
|
|
|
Batting: RHB Mike Conaway
|
0-0: Foul Ball, location: 2F 0-1: Swinging Strike 0-2: Foul Ball, location: 2F 0-2: Ball 1-2: Strikes out swinging
|
|
Batting: LHB Brian Butler
|
0-0: Called Strike 0-1: Hit by Pitch
|
|
Batting: RHB Hideo Okimura
|
0-0: Ball 1-0: Ball 2-0: Foul Ball, location: 2F 2-1: Swinging Strike 2-2: SINGLE (Line Drive, 34D, EV 99.4 MPH) Brian Butler to second Runner from 2nd tries for 3rd, SAFE, throw by RF made to third
|
|
Now in RF: Jose Evangelista
|
|
|
Batting: LHB Taki Matsui
|
0-0: Called Strike 0-1: Ball 1-1: Ball 2-1: Grounds into double play, 4-6-3 (Groundball, 34, EV 108.1 MPH)
|
| Bottom of the 1st over - 0 runs, 1 hit, 0 errors, 1 left on base; Connecticut 0 - Everett 0 |
| TOP OF THE 2ND |
|
Connecticut Tigers batting - Pitching for Everett AquaSox : RHP Josh Newell
|
|
Batting: RHB Gerald de Vries
|
0-0: Ball 1-0: Ball 2-0: Ball 3-0: Ground out U3 (Groundball, 3L, EV 110.6 MPH)
|
|
Batting: RHB Jeremiah Washington
|
0-0: Swinging Strike 0-1: Ball 1-1: Foul Ball, location: 2F 1-2: Ground out 4-3 (Groundball, 4, EV 99.4 MPH)
|
|
Batting: RHB Tony Murray
|
0-0: Called Strike 0-1: Foul Ball, location: 2F 0-2: Ball 1-2: Ball 2-2: Foul Ball, location: 2F 2-2: Foul Ball, location: 2F 2-2: SINGLE (Line Drive, 9S, EV 91.9 MPH)
|
|
Batting: RHB Kevin Steed
|
0-0: Called Strike 0-1: Foul Ball, location: 2F 0-2: Strikes out swinging
|
| Top of the 2nd over - 0 runs, 1 hit, 0 errors, 1 left on base; Connecticut 0 - Everett 0 |
| BOTTOM OF THE 2ND |
|
Everett AquaSox batting - Pitching for Connecticut Tigers : LHP Jim Daum
|
|
Batting: LHB Josh Kirk
|
0-0: Ball 1-0: Ground out 6-3 (Groundball, 56D, EV 102.5 MPH)
|
|
Batting: LHB Addisu Nyamekye
|
0-0: Ball 1-0: Foul Ball, location: 2F 1-1: Ground out 1-3 (Groundball, 13S, EV 75.6 MPH)
|
|
Batting: RHB Omar Solis
|
0-0: SINGLE (Line Drive, 4D, EV 99.4 MPH)
|
|
Batting: LHB Justin Long
|
0-0: Ball 1-0: Called Strike 1-1: Ball 2-1: Foul Ball, location: 2F 2-2: Reached on error, E4 (Groundball, 4, EV 88.8 MPH) Omar Solis to second
|
|
Batting: RHB Houston Brock
|
0-0: Ground out 5-3 (Groundball, 56S, EV 86.2 MPH)
|
| Bottom of the 2nd over - 0 runs, 1 hit, 1 error, 2 left on base; Connecticut 0 - Everett 0 |
| TOP OF THE 3RD |
|
Connecticut Tigers batting - Pitching for Everett AquaSox : RHP Josh Newell
|
|
Batting: SHB Duri Chilemba
|
0-0: Called Strike 0-1: Ball 1-1: Foul Ball, location: 2F 1-2: Foul Ball, location: 2F 1-2: Ball 2-2: Ground out 5-3 (Groundball, 15, EV 90.6 MPH)
|
|
Batting: RHB Norm Wood
|
0-0: Ball 1-0: Called Strike 1-1: Ball 2-1: Ground out 4-3 (Groundball, 4MD, EV 94.4 MPH)
|
|
Batting: RHB Omar del Pino
|
0-0: Foul Ball, location: 2F 0-1: Ball 1-1: Ball 2-1: Reached on error, E5 (Groundball, 56, EV 88.1 MPH)
|
|
Batting: RHB Jose Evangelista
|
0-0: Called Strike Omar del Pino steals 2nd base (no throw) 0-1: Swinging Strike 0-2: Strikes out swinging
|
| Top of the 3rd over - 0 runs, 0 hits, 1 error, 1 left on base; Connecticut 0 - Everett 0 |
| BOTTOM OF THE 3RD |
|
Everett AquaSox batting - Pitching for Connecticut Tigers : LHP Jim Daum
|
|
Batting: RHB Mike Conaway
|
0-0: Foul Ball, location: 2F 0-1: Ball 1-1: Ground out 1-3 (Groundball, 15S, EV 68.8 MPH)
|
|
Batting: LHB Brian Butler
|
0-0: Ball 1-0: Swinging Strike 1-1: Called Strike 1-2: Strikes out looking
|
|
Batting: RHB Hideo Okimura
|
0-0: Called Strike 0-1: Ball 1-1: Ball 2-1: Ground out 6-3 (Groundball, 6, EV 98.8 MPH)
|
| Bottom of the 3rd over - 0 runs, 0 hits, 0 errors, 0 left on base; Connecticut 0 - Everett 0 |
| TOP OF THE 4TH |
|
Connecticut Tigers batting - Pitching for Everett AquaSox : RHP Josh Newell
|
|
Batting: RHB Tony Soto
|
0-0: Ball 1-0: Called Strike 1-1: Ball 2-1: Fly out, F2 (Popup, 23F, EV 85.6 MPH)
|
|
Batting: RHB Gerald de Vries
|
0-0: Ball 1-0: Ground out 6-3 (Groundball, 6S, EV 91.2 MPH)
|
|
Batting: RHB Jeremiah Washington
|
0-0: Ball 1-0: Ball 2-0: Called Strike 2-1: Foul Ball, location: 2F 2-2: Ball 3-2: Foul Ball, location: 2F 3-2: Strikes out swinging
|
| Top of the 4th over - 0 runs, 0 hits, 0 errors, 0 left on base; Connecticut 0 - Everett 0 |
| BOTTOM OF THE 4TH |
|
Everett AquaSox batting - Pitching for Connecticut Tigers : LHP Jim Daum
|
|
Batting: LHB Taki Matsui
|
0-0: Ball 1-0: Called Strike 1-1: Ball 2-1: Ball 3-1: Foul Ball, location: 2F 3-2: Strikes out looking
|
|
Batting: LHB Josh Kirk
|
0-0: Called Strike 0-1: Ball 1-1: Ball 2-1: Foul Ball, location: 2F 2-2: Ball 3-2: Ground out U3 (Groundball, 3S, EV 89.4 MPH)
|
|
Batting: LHB Addisu Nyamekye
|
0-0: Ground out 4-3 (Groundball, 4, EV 88.8 MPH)
|
| Bottom of the 4th over - 0 runs, 0 hits, 0 errors, 0 left on base; Connecticut 0 - Everett 0 |
| TOP OF THE 5TH |
|
Connecticut Tigers batting - Pitching for Everett AquaSox : RHP Josh Newell
|
|
Batting: RHB Tony Murray
|
0-0: Called Strike 0-1: Ball 1-1: Ball 2-1: Swinging Strike 2-2: Fly out, F8 (Flyball, 8LD, EV 98.1 MPH)
|
|
Batting: RHB Kevin Steed
|
0-0: Ball 1-0: Ball 2-0: Called Strike 2-1: Ball 3-1: Foul Ball, location: 2F 3-2: Foul Ball, location: 2F 3-2: Strikes out looking
|
|
Batting: SHB Duri Chilemba
|
0-0: Ball 1-0: Ball 2-0: SINGLE (Groundball, 34D, EV 109.4 MPH)
|
|
Batting: RHB Norm Wood
|
0-0: Called Strike Duri Chilemba steals 2nd base 0-1: Called Strike 0-2: Ball 1-2: Strikes out swinging
|
| Top of the 5th over - 0 runs, 1 hit, 0 errors, 1 left on base; Connecticut 0 - Everett 0 |
| BOTTOM OF THE 5TH |
|
Everett AquaSox batting - Pitching for Connecticut Tigers : LHP Jim Daum
|
|
Batting: RHB Omar Solis
|
0-0: Ball 1-0: Ground out 6-3 (Groundball, 6, EV 100.0 MPH)
|
|
Batting: LHB Justin Long
|
0-0: Foul Ball, location: 2F 0-1: Called Strike 0-2: Ground out 6-3 (Groundball, 6, EV 103.1 MPH)
|
|
Batting: RHB Houston Brock
|
0-0: Called Strike 0-1: Ground out 2-3 (Groundball, 2L, EV 61.2 MPH)
|
| Bottom of the 5th over - 0 runs, 0 hits, 0 errors, 0 left on base; Connecticut 0 - Everett 0 |
| TOP OF THE 6TH |
|
Connecticut Tigers batting - Pitching for Everett AquaSox : RHP Josh Newell
|
|
Pitching: RHP Aaron Black
|
|
|
Pinch Hitting: LHB Claudio Kamminga
|
0-0: Ball 1-0: Foul Ball, location: 2F 1-1: Ball 2-1: Foul Ball, location: 2F 2-2: Strikes out swinging
|
|
Batting: RHB Jose Evangelista
|
0-0: Swinging Strike 0-1: Fly out, F3 (Popup, 34S, EV 63.8 MPH)
|
|
Batting: RHB Tony Soto
|
0-0: Ball 1-0: Ground out 4-3 (Groundball, 4, EV 89.4 MPH)
|
| Top of the 6th over - 0 runs, 0 hits, 0 errors, 0 left on base; Connecticut 0 - Everett 0 |
| BOTTOM OF THE 6TH |
|
Everett AquaSox batting - Pitching for Connecticut Tigers : LHP Jim Daum
|
|
Now in LF: Bobby Adams
|
|
|
Now in CF: Gerald de Vries
|
|
|
Batting: RHB Mike Conaway
|
0-0: Ball 1-0: Ball 2-0: Called Strike 2-1: Ball 3-1: Called Strike 3-2: Base on Balls
|
|
Batting: LHB Brian Butler
|
0-0: Called Strike 0-1: Foul Ball, location: 2F 0-2: Ball 1-2: Ball Mike Conaway is caught stealing 2nd base 2-6 2-2: Ground out 4-3 (Groundball, 4, EV 81.9 MPH)
|
|
Batting: RHB Hideo Okimura
|
0-0: Ball 1-0: Ball 2-0: Fly out, F8 (Line Drive, 89M, EV 104.4 MPH)
|
| Bottom of the 6th over - 0 runs, 0 hits, 0 errors, 0 left on base; Connecticut 0 - Everett 0 |
| TOP OF THE 7TH |
|
Connecticut Tigers batting - Pitching for Everett AquaSox : RHP Aaron Black
|
|
Pitching: RHP Marty Maginnis
|
|
|
Batting: RHB Gerald de Vries
|
0-0: SINGLE (Groundball, 6D, EV 104.4 MPH)
|
|
Pinch Hitting: LHB Andy Sanchez
|
0-0: Called Strike 0-1: Ball 1-1: Swinging Strike 1-2: Strikes out looking
|
|
Batting: RHB Tony Murray
|
0-0: Called Strike 0-1: Ball Gerald de Vries is caught stealing 2nd base 2-4 1-1: Ball 2-1: Swinging Strike 2-2: Strikes out swinging
|
| Top of the 7th over - 0 runs, 1 hit, 0 errors, 0 left on base; Connecticut 0 - Everett 0 |
| BOTTOM OF THE 7TH |
|
Everett AquaSox batting - Pitching for Connecticut Tigers : LHP Jim Daum
|
|
Now at 2B: Orlando Blanco
|
|
|
Batting: LHB Taki Matsui
|
0-0: Ground out 4-3 (Groundball, 34D, EV 100.6 MPH)
|
|
Batting: LHB Josh Kirk
|
0-0: Called Strike 0-1: Called Strike 0-2: Ground out 1-3 (Groundball, 15S, EV 68.1 MPH)
|
|
Batting: LHB Addisu Nyamekye
|
0-0: Foul Ball, location: 2F 0-1: Called Strike 0-2: Strikes out looking
|
| Bottom of the 7th over - 0 runs, 0 hits, 0 errors, 0 left on base; Connecticut 0 - Everett 0 |
| TOP OF THE 8TH |
|
Connecticut Tigers batting - Pitching for Everett AquaSox : RHP Marty Maginnis
|
|
Pitching: RHP Jose Acevedo
|
|
|
Batting: RHB Kevin Steed
|
0-0: Ball 1-0: Ball 2-0: Swinging Strike 2-1: Foul Ball, location: 2F 2-2: Ball 3-2: Fly out, F9 (Flyball, 9, EV 87.5 MPH)
|
|
Pinch Hitting: LHB Jon Pedlar
|
0-0: Foul Ball, location: 2F 0-1: Swinging Strike 0-2: Strikes out swinging
|
|
Pinch Hitting: LHB Glen Boyle
|
0-0: Foul Ball, location: 2F 0-1: Called Strike 0-2: Foul Ball, location: 2F 0-2: Ball 1-2: Ball 2-2: Strikes out swinging
|
| Top of the 8th over - 0 runs, 0 hits, 0 errors, 0 left on base; Connecticut 0 - Everett 0 |
| BOTTOM OF THE 8TH |
|
Everett AquaSox batting - Pitching for Connecticut Tigers : LHP Jim Daum
|
|
Now at 3B: Sergio Valbuena
|
|
|
Now at SS: Ryan Clark
|
|
|
Batting: RHB Omar Solis
|
0-0: Ground out 5-3 (Groundball, 5L, EV 83.8 MPH)
|
|
Batting: LHB Justin Long
|
0-0: Ball 1-0: Foul Ball, location: 2F 1-1: Ball 2-1: Swinging Strike 2-2: Foul Ball, location: 2F 2-2: Strikes out swinging, 2-3 out at first.
|
|
Pinch Hitting: SHB Hatsuo Miura
|
0-0: Ball 1-0: Called Strike 1-1: Ground out 5-3 (Groundball, 56, EV 103.1 MPH)
|
| Bottom of the 8th over - 0 runs, 0 hits, 0 errors, 0 left on base; Connecticut 0 - Everett 0 |
| TOP OF THE 9TH |
|
Connecticut Tigers batting - Pitching for Everett AquaSox : RHP Jose Acevedo
|
|
Pitching: LHP Mitch Lewis
|
|
|
Now in CF: Ben Herman
|
|
|
Batting: LHB Bobby Adams
|
0-0: Ball 1-0: Swinging Strike 1-1: Called Strike 1-2: Strikes out swinging
|
|
Batting: RHB Jose Evangelista
|
0-0: Swinging Strike 0-1: Called Strike 0-2: Strikes out swinging
|
|
Batting: RHB Tony Soto
|
0-0: Ball 1-0: Foul Ball, location: 2F 1-1: Ball 2-1: Ball 3-1: Called Strike 3-2: Strikes out swinging
|
| Top of the 9th over - 0 runs, 0 hits, 0 errors, 0 left on base; Connecticut 0 - Everett 0 |
| BOTTOM OF THE 9TH |
|
Everett AquaSox batting - Pitching for Connecticut Tigers : LHP Jim Daum
|
|
Batting: RHB Mike Conaway
|
0-0: Called Strike 0-1: Ball 1-1: Foul Ball, location: 2F 1-2: Foul Ball, location: 2F 1-2: Fly out, F3 (Line Drive, 3, EV 61.2 MPH)
|
|
Pinch Hitting: RHB Tomokazu Sugimoto
|
0-0: Foul Ball, location: 2F 0-1: Ground out U3 (Groundball, 34, EV 91.9 MPH)
|
|
Batting: RHB Hideo Okimura
|
0-0: Ball 1-0: Ball 2-0: Foul Ball, location: 2F 2-1: SINGLE (Flyball, 7S, EV 93.1 MPH)
|
|
Pinch Hitting: RHB Enrique Valdez
|
0-0: Called Strike 0-1: Ball 1-1: Ball 2-1: Foul Ball, location: 2F 2-2: Strikes out swinging
|
| Bottom of the 9th over - 0 runs, 1 hit, 0 errors, 1 left on base; Connecticut 0 - Everett 0 |
| TOP OF THE 10TH |
|
Connecticut Tigers batting - Pitching for Everett AquaSox : LHP Mitch Lewis
|
|
Now at 1B: Charlie Diesel
|
|
|
Now at 2B: Enrique Valdez
|
|
|
Batting: RHB Gerald de Vries
|
0-0: Called Strike 0-1: Swinging Strike 0-2: Strikes out swinging
|
|
Batting: RHB Orlando Blanco
|
0-0: Ball 1-0: Ball 2-0: Ball 3-0: Base on Balls
|
|
Batting: RHB Tony Murray
|
Pickoff Throw to First - Error! E1 Orlando Blanco to second 0-0: Called Strike 0-1: Foul Ball, location: 2F 0-2: Fly out, F7 (Flyball, 7S, EV 86.9 MPH)
|
|
Batting: RHB Kevin Steed
|
0-0: Ball 1-0: SINGLE (Line Drive, 78S, EV 95.6 MPH) Orlando Blanco to third Runner from 3rd tries for Home, SAFE, throw by LF to home
|
|
Batting: RHB Sergio Valbuena
|
0-0: Swinging Strike 0-1: Called Strike 0-2: Strikes out looking
|
| Top of the 10th over - 1 run, 1 hit, 1 error, 1 left on base; Connecticut 1 - Everett 0 |
| BOTTOM OF THE 10TH |
|
Everett AquaSox batting - Pitching for Connecticut Tigers : LHP Jim Daum
|
|
Pitching: RHP Scott King
|
|
|
Batting: LHB Josh Kirk
|
0-0: Called Strike 0-1: Ball 1-1: Foul Ball, location: 2F 1-2: Ball 2-2: Strikes out swinging
|
|
Batting: LHB Addisu Nyamekye
|
0-0: Called Strike 0-1: Foul Ball, location: 2F 0-2: Ball 1-2: Strikes out swinging
|
|
Pinch Hitting: RHB Ben Alspach
|
0-0: Foul Ball, location: 2F 0-1: Foul Ball, location: 2F 0-2: Ball 1-2: Foul Ball, location: 2F 1-2: Ground out 6-3 (Groundball, 6, EV 89.4 MPH)
|
| Bottom of the 10th over - 0 runs, 0 hits, 0 errors, 0 left on base; Connecticut 1 - Everett 0 |
|